 Dungeon Crawl Stone Soup version 0.29.0-4-gdea44cf6ec (webtiles) character file.

Game seed: 9168395893672230419

95734 Flugkiller the Severer (level 15, 0/141 HPs)
             Began as a Minotaur Fighter on Aug 27, 2022.
             Was the Champion of Okawaru.
             Slain by an orc knight
             ... wielding a +0 battleaxe
              (24 damage)
             ... on level 2 of the Orcish Mines.
             The game lasted 00:13:17 (22325 turns).

Flugkiller the Severer (Minotaur Fighter)          Turns: 22325, Time: 00:13:18

Health: 0/141      AC: 35    Str: 22    XL:     15   Next: 67%
Magic:  19/21      EV: 15    Int:  6    God:    Okawaru [******]
Gold:   2556       SH:  0    Dex: 16    Spells: 14/14 levels left

rFire   + + .      SeeInvis +   M - +7 executioner's axe (distort)
rCold   . . .      Faith    .   (shield currently unavailable)
rNeg    + . .      Spirit   .   E - +1 plate armour
rPois   +          Reflect  .   I - +3 crown of Dyrovepreva {rElec Int+2 SInv}
rElec   +          Harm     .   u - +2 ratskin cloak {*Rats rPois rN+ Str-1 Int-1 Dex+1}
rCorr   +          Rampage  .   N - +0 pair of gloves
Will    ++...                   X - +1 pair of boots of Okawaru's Envy {Regen+ rCorr}
Stlth   ..........              H - amulet of regeneration
HPRegen 1.93/turn               m - ring of willpower
MPRegen 0.17/turn               p - +4 ring of protection

@: heroic
A: horns 2, retaliatory headbutt, fire resistance 2
a: Renounce Religion, Heroism, Finesse, Duel


You were on level 2 of the Orcish Mines.
You worshipped Okawaru.
Okawaru was exalted by your worship.
You visited 4 branches of the dungeon, and saw 23 of its levels.
You also visited: Sewer.

You collected 2860 gold pieces.
You spent 304 gold pieces at shops.

Inventory:

Hand Weapons
 M - a +7 executioner's axe of distortion (weapon)
   (Okawaru gifted it to you on level 4 of the Lair of Beasts)
 Y - a +2 broad axe of protection
   (You took it off a death knight on level 14 of the Dungeon)
Missiles
 L - 12 boomerangs (quivered)
 P - 2 silver javelins
 V - a throwing net
Armour
 k - the +0 chain mail of the Jackalope {Harm rPois rF+ Will-}
   (You found it on level 7 of the Dungeon)

   rF:        It protects you from fire.
   rPois:     It protects you from poison.
   Harm:      It increases damage dealt and taken.
   Will:      It decreases your willpower.
 u - the +2 ratskin cloak (worn) {*Rats rPois rN+ Str-1 Int-1 Dex+1}
   (You found it on level 3 of the Dungeon)

   When the wearer is hurt, rats may emerge from it to assist them.
   Str:       It affects your strength (-1).
   Int:       It affects your intelligence (-1).
   Dex:       It affects your dexterity (+1).
   rPois:     It protects you from poison.
   rN:        It protects you from negative energy.
 D - the +3 pair of gloves of the Dull God {-Tele Dex+4}
   (Okawaru gifted it to you on level 15 of the Dungeon)

   Dex:       It affects your dexterity (+4).
   -Tele:     It prevents most forms of teleportation.
 E - a +1 plate armour (worn)
   (You found it on level 1 of the Dungeon)
 F - a +0 pair of boots
   (You found it on level 7 of the Dungeon)
 I - the +3 crown of Dyrovepreva (worn) {rElec Int+2 SInv}
   (Okawaru gifted it to you on level 1 of the Lair of Beasts)

   Int:       It affects your intelligence (+2).
   rElec:     It insulates you from electricity.
   SInv:      It lets you see invisible.
 J - a +0 buckler
 N - a +0 pair of gloves (worn)
   (You found it on level 4 of the Lair of Beasts)
 X - the +1 pair of boots of Okawaru's Envy (worn) {Regen+ rCorr}
   (Okawaru gifted it to you on level 14 of the Dungeon)

   Regen:     It increases your rate of health regeneration.
   rCorr:     It protects you from acid and corrosion.
Jewellery
 c - a ring of protection from cold
   (You found it on level 11 of the Dungeon)
 f - a ring of protection from fire
   (You found it on level 10 of the Dungeon)
 g - an amulet of the acrobat
   (You found it on level 1 of the Dungeon)
 i - a ring of see invisible
   (You found it on level 13 of the Dungeon)
 m - a ring of willpower (left hand)
   (You took it off a hobgoblin on level 3 of the Dungeon)
 p - a +4 ring of protection (right hand)
   (You found it on level 5 of the Lair of Beasts)
 C - the amulet "Lalyogru" {RegenMP rF+ rC- Int+4}
   (You found it on level 6 of the Dungeon)

   [amulet of magic regeneration]

   It increases your rate of magic regeneration.
   Int:       It affects your intelligence (+4).
   rF:        It protects you from fire.
   rC:        It makes you vulnerable to cold.
 H - an amulet of regeneration (around neck)
   (You found it on level 10 of the Dungeon)
 O - a ring of willpower
   (You found it on level 5 of the Lair of Beasts)
 S - a ring of flight
   (You found it on level 5 of the Lair of Beasts)
 U - an amulet of reflection
   (You found it on level 12 of the Dungeon)
Wands
 B - a wand of paralysis (3)
   (You found it on level 11 of the Dungeon)
 R - a wand of roots (11)
   (You found it on level 5 of the Lair of Beasts)
Scrolls
 a - a scroll of enchant weapon
 b - 9 scrolls of fear
 e - 6 scrolls of fog
 l - 6 scrolls of magic mapping
 r - 8 scrolls of identify
 t - 5 scrolls of teleportation
 x - 5 scrolls of immolation
 y - 5 scrolls of vulnerability
 z - a scroll of blinking
Potions
 d - 5 potions of might
 h - 7 potions of haste
 j - 7 potions of lignification
 n - a potion of resistance
 o - 2 potions of ambrosia
 q - 5 potions of curing
 s - 2 potions of invisibility
 v - 3 potions of magic
 w - a potion of heal wounds
 A - 4 potions of flight
 K - a potion of degeneration
 Q - 3 potions of cancellation
 T - a potion of berserk rage


   Skills:
 + Level 15.0(20.0) Fighting
 + Level 18.6(23.6) Axes
 - Level 10.0(15.0) Throwing
 + Level 15.0(20.0) Armour
 - Level 11.0(16.0) Dodging
 - Level 3.6(8.6) Shields
 - Level 9.4 Invocations


You had 14 spell levels left.
You didn't know any spells.
Your spell library was empty.

Dungeon Overview and Level Annotations

Branches:
Dungeon (15/15)            Temple (1/1) D:4            Lair (5/5) D:8
  Swamp (0/4) Lair:3        Snake (0/4) Lair:3        Slime (0/5) Lair:5
    Orc (2/2) D:12         Vaults (0/5) D:13         Depths (0/4) D:15
  Sewer (visited)
    Elf: Orc:2

Altars:
Ashenzari
Cheibriados
Dithmenos
Elyvilon
Fedhas
Gozag
Hepliaklqana
Kikubaaqudgha
Makhleb
Nemelex Xobeh
Okawaru
Qazlal
Ru
Sif Muna
Trog
Uskayaw
Vehumet
Wu Jian
Xom
Yredelemnul
Zin
The Shining One
Jiyva

Shops:
D:7 :   D:9 *   Orc:2 *?

Portals:
Hell: Lair:5

Annotations:
D:11 3 runed translucent doors, diceflayer's ghost, journeyman DsFi
Lair:3 3 runed translucent doors, Xiemaice's ghost, journeyman DrFE


Innate Abilities, Weirdness & Mutations

You have a pair of horns on your head.
You reflexively headbutt those who attack you in melee.
Your flesh is very heat resistant. (rF++)


Message History

The orc priest shouts!
You hear a shout!
An orc priest is nearby!
An orc priest is nearby!
An orc priest is nearby!
An orc high priest comes into view. It is wielding a +0 scimitar.
The orc high priest shouts!
You hear a screech!
The orc high priest calls down the wrath of Beogh upon you.
Beogh smites you!
An orange demon and 7 orcs come into view.
An orc warrior is wielding a +0 long sword of protection.
An orc warrior is wielding a +0 halberd and wearing a +1 chain mail of fire resistance.
An orc sorcerer is wielding a +2 vampiric dagger.
The orc high priest shouts!
The orc sorcerer shouts!
The orc knight shouts!
The orc warrior shouts! x2; The orc sorcerer shouts!
The orc warrior unwields a +0 halberd.
The orc warrior wields a +0 arbalest.
The orc warrior shoots a bolt.
The bolt barely misses you.
The orc high priest mumbles some strange prayers to Beogh. x2
An orc knight, an orc priest, a smoke demon and 2 orc warriors come into view.
An orc warrior is wielding a +2 trident of venom.
The orc priest shouts!
The orc warrior shouts!
The smoke demon roars!
The orc warrior shouts!
The orc high priest prays to Beogh.
The orc priest closely misses you.
The orc warrior shoots a bolt.
The bolt closely misses you.
You slash the orc priest!
The orc priest is heavily wounded.
The orc priest blinks!
The orc knight roars a battlecry!
The orcs go into a battle-frenzy!
The orc warrior throws a boomerang.
The boomerang completely misses you.
The orc priest invokes the aid of Beogh against you.
Beogh smites you!
You slash the orc knight!
Space warps around the orc knight.
Your headbutt misses the orc knight.
The orc knight is lightly wounded.
You closely miss the orc sorcerer.
The orc high priest calls upon Beogh to heal the orc priest.
The orc priest's wounds heal themselves!
The orc sorcerer mumbles some strange words.
The orc knight roars a battlecry!
The orc warrior goes into a battle-frenzy!
The orc high priest prays to Beogh.
You closely miss the orc knight.
The orc knight is lightly wounded.
You closely miss the orc sorcerer. You slash the orc warrior!
Space warps around the orc warrior.
The orc warrior hits you from afar with a +0 halberd.
The orc warrior misses you.
The orc warrior hits you with a +0 long sword of protection!
The orc knight roars a battlecry!
The orcs go into a battle-frenzy!
The orc warrior shoots a bolt.
The bolt misses you.
The bolt closely misses the orc knight.
You slice the orc warrior!!
You kill the orc warrior!
Okawaru accepts your kill.
You slice the orc sorcerer!!
Space warps around the orc sorcerer.
You slice the sun demon!! You slash the orc knight!
Space warps around the orc knight.
The sun demon blinks!
The sun demon hits you.
You are engulfed in flames.
You resist.
The orc knight hits you with a +0 battleaxe!
The orc sorcerer mumbles some strange words.
The orc warrior hits you but does no damage. x2
The orc sorcerer barely misses you. You furiously retaliate!
You headbutt the orc sorcerer.
The orange demon stings you but does no damage.
You slice the orc sorcerer!!
You kill the orc sorcerer!
Okawaru accepts your kill.
You barely miss the smoke demon. You closely miss the sun demon.
You barely miss the orc knight. The sun demon hits you!
You are engulfed in flames.
You resist.
The hellwing swoops through the air toward you!
The hellwing hits you but does no damage.
The hellwing closely misses you. The orc knight barely misses you.
You furiously retaliate!
You headbutt the orc knight!
The orc warrior hits you from afar with a +2 trident of venom.
The smoke demon hits you but does no damage. x3
The orc warrior hits you from afar with a +0 halberd!!
The orange demon stings you but does no damage.
The sun demon hits you but does no damage.
Your Armour skill increases to level 15!
You are too injured to fight recklessly!
You are too injured to fight recklessly!
Unknown command.
You gain the combat prowess of a mighty hero.
The hellwing hits you. The hellwing completely misses you.
The ice devil hits you but does no damage.
The sun demon hits you but does no damage.
The orc warrior hits you from afar with a +2 trident of venom.
The smoke demon gestures at you. Something smites you!
* * * LOW HITPOINT WARNING * * *
The orange demon stings you from afar.
* * * LOW HITPOINT WARNING * * *
The orc priest barely misses you. You furiously retaliate!
You headbutt the orc priest!
The orc high priest invokes the aid of Beogh against you.
Beogh smites you!
* * * LOW HITPOINT WARNING * * *
The orc knight hits you with a +0 battleaxe!!
You die...

##....................#
#.....................#
#.#.#.................##
#.....#................##
#.......................#
........................# #
##..........oo...........# ##
#...........3o4.........##
.###..........o3@).........##
..###.....))).o4o...........#
)))###.....)))3o4..........##
))).###......o..oo..........#
#)#..###.....434............#
..##..###......o...........##
..###))###.....4...........#
...###).###................#
#...###..##................#


You could see 2 orc knights, 2 soul eaters, 2 orc high priests, a sun demon
(summoned), an orange demon, a hellwing (summoned), 3 ice devils, a rust devil
(summoned), a smoke demon, an orc sorcerer (strong), 4 orc warriors and 2 orc
priests.

Vanquished Creatures
  Kirke (D:12)
  A fire giant (D:15)
  Azrael (Orc:2)
  2 dire elephants (Lair:5)
  A fire dragon (D:15)
  A rakshasa (D:14)
  3 boulder beetles
  5 hydras
  A vault guard (D:13)
  A catoblepas (Lair:5)
  5 centaur warriors
  3 two-headed ogres
  2 death knights
  2 tengu warriors (D:13)
  3 death yaks (Lair:2)
  Sonja (D:10)
  Amaemon (D:10)
  A sun demon (Lair:5)
  Nergalle (D:12)
  10 skeletal warriors
  Lodul (D:10)
  A phantasmal warrior (D:14)
  A bog body (Lair:3)
  A wizard (Lair:5)
  4 orc knights (Orc:2)
  18 ugly things
  A deep elf pyromancer (D:10)
  A manticore (D:14)
  An orc sorcerer (Orc:2)
  Maurice (D:7)
  A cyclops (D:7)
  Joseph (D:8)
  3 elephants (Lair:5)
  3 black mambas
  A rust devil (Orc:2)
  6 orange demons
  2 torpor snails
  Psyche (D:11)
  A gargoyle (D:6)
  5 cane toads
  5 rime drakes
  An unseen horror (D:13)
  Maggie (D:6)
  11 komodo dragons
  2 ice devils (Lair:5)
  5 freezing wraiths
  2 hellwings (Orc:2)
  3 red devils (D:11)
  7 trolls
  6 meliai (D:15)
  5 polar bears
  A wind drake (shapeshifter) (D:14)
  15 blink frogs
  A dream sheep (Lair:5)
  2 wraiths (D:11)
  3 shadows
  8 wyverns
  4 hogs (D:12)
  A vampire (D:11)
  A basilisk (Lair:1)
  71 yaks
  A steam dragon (D:8)
  3 fire elementals (Orc:2)
  11 vampire mosquitoes
  2 wargs (Orc:2)
  An acid dragon (D:11)
  A swamp worm (Lair:3)
  A two-headed ogre zombie (D:12)
  A floating eye (shapeshifter) (D:14)
  A warg (shapeshifter) (D:15)
  5 hell hounds
  10 water moccasins
  22 orc warriors
  2 ice beasts
  2 sky beasts (D:8)
  2 black bears
  12 ogres
  28 wolves
  18 centaurs
  4 phantoms
  12 kobold brigands
  8 bullfrogs
  A gnoll sergeant (D:9)
  2 scorpions
  A necrophage (D:3)
  9 wights
  A hornet simulacrum (D:15)
  2 troll zombies (D:12)
  3 electric eels
  3 howler monkeys
  6 hounds
  4 gnoll boudas
  28 orc priests
  A jelly (D:6)
  An iguana (D:6)
  19 orc wizards
  6 hell rats (Lair:4)
  4 ogre zombies (D:12)
  20 gnolls
  A river rat (Sewer)
  14 adders
  A shadow imp (D:6)
  A white imp (D:6)
  2 ufetubi
  4 worms
  5 dart slugs
  82 orcs
  14 endoplasms
  5 giant cockroaches
  9 goblins
  12 hobgoblins
  5 quokkas
  6 ball pythons
  4 bats
  5 frilled lizards
  A goblin skeleton (D:12)
  A goblin zombie (D:12)
  A hobgoblin skeleton (D:12)
  3 hobgoblin zombies (D:12)
  23 kobolds
  4 orc skeletons (D:12)
  12 orc zombies (D:12)
  7 rats
735 creatures vanquished.

Vanquished Creatures (collateral kills)
  An ice beast (D:4)
  3 gnolls (D:4)
  A kobold (D:3)
5 creatures vanquished.

Vanquished Creatures (others)
  14 fungi
  36 plants
50 creatures vanquished.

Grand Total: 790 creatures vanquished

Notes
Turn   | Place    | Note
-------+----------+-------------------------------------------
     0 | D:1      | Flugkiller the Minotaur Fighter began the quest for the
                  | Orb.
     0 | D:1      | Reached XP level 1. HP: 19/19 MP: 0/0
   202 | D:1      | Found a faded altar of an unknown god.
   336 | D:1      | Reached skill level 3 in Axes
   336 | D:1      | Reached XP level 2. HP: 27/27 MP: 1/1
  1165 | D:2      | Reached XP level 3. HP: 33/33 MP: 2/2
  1496 | D:2      | Reached skill level 4 in Axes
  1638 | D:2      | Reached XP level 4. HP: 41/41 MP: 3/3
  1891 | D:3      | Found the +2 ratskin cloak {*Rats rPois rN+ Str-1 Int-1
                  | Dex+1}
  1986 | D:3      | Found a shadowy altar of Dithmenos.
  2128 | D:3      | Noticed a necrophage
  2146 | D:3      | Killed a necrophage
  2147 | D:3      | Reached XP level 5. HP: 40/47 MP: 4/4
  2255 | D:3      | Reached skill level 5 in Axes
  2645 | D:4      | Noticed an ogre
  2761 | D:4      | Killed an ogre
  2762 | D:4      | Reached skill level 5 in Fighting
  2762 | D:4      | Reached skill level 5 in Armour
  2762 | D:4      | Reached XP level 6. HP: 38/56 MP: 5/5
  2987 | D:4      | Reached skill level 6 in Axes
  3021 | D:4      | Noticed an ice beast
  3033 | D:4      | Killed an ice beast
  3312 | D:4      | Found a staircase to the Ecumenical Temple.
  3359 | Temple   | Entered the Ecumenical Temple
  3366 | Temple   | Became a worshipper of Warmaster Okawaru
  3605 | D:4      | Found a glowing silver altar of Zin.
  3610 | D:4      | Reached XP level 7. HP: 62/62 MP: 6/6
  3731 | D:5      | Entered Level 5 of the Dungeon
  3748 | D:5      | Reached skill level 7 in Axes
  3831 | D:5      | Reached skill level 1 in Invocations
  3995 | D:5      | Reached * piety under Okawaru
  4041 | D:5      | Found a glowing drain.
  4054 | Sewer    | Entered a sewer
  4206 | Sewer    | Reached skill level 8 in Axes
  4206 | Sewer    | Reached XP level 8. HP: 71/71 MP: 8/8
  4354 | Sewer    | Reached ** piety under Okawaru
  5175 | D:6      | Reached skill level 9 in Axes
  5643 | D:6      | Noticed a gargoyle
  5661 | D:6      | Killed a gargoyle
  5662 | D:6      | Reached XP level 9. HP: 52/80 MP: 9/11
  5815 | D:6      | Reached skill level 10 in Axes
  5857 | D:6      | Reached *** piety under Okawaru
  5999 | D:6      | Found a snail-covered altar of Cheibriados.
  6038 | D:6      | Identified the amulet "Lalyogru" {RegenMP rF+ rC- Int+4}
  6069 | D:6      | Noticed Maggie
  6077 | D:6      | Killed Maggie
  6273 | D:6      | Found a burning altar of Makhleb.
  6273 | D:6      | Found a broken altar of Ashenzari.
  6273 | D:6      | Found a white marble altar of Elyvilon.
  6281 | D:6      | Found a shimmering altar of Xom.
  6285 | D:6      | Found an ancient bone altar of Kikubaaqudgha.
  6375 | D:6      | Found a sparkling altar of Nemelex Xobeh.
  6533 | D:7      | Reached skill level 11 in Axes
  6535 | D:7      | Reached skill level 5 in Invocations
  6544 | D:7      | Reached **** piety under Okawaru
  6797 | D:7      | Found a sacrificial altar of Ru.
  6973 | D:7      | Reached XP level 10. HP: 85/90 MP: 13/13
  7359 | D:7      | Found Malukuab's Book Boutique.
  7714 | D:7      | Found a transporter.
  7720 | D:7      | Noticed a cyclops
  7721 | D:7      | Found a transporter.
  7821 | D:7      | Gained mutation: You occasionally lose the ability to drink
                  | potions when taking damage. [potion of mutation]
  7821 | D:7      | Gained mutation: You have a pair of large horns on your
                  | head. [potion of mutation]
  7822 | D:7      | Lost mutation: You occasionally lose the ability to drink
                  | potions when taking damage. [potion of mutation]
  7822 | D:7      | Lost mutation: You have a pair of large horns on your head.
                  | [potion of mutation]
  7822 | D:7      | Gained mutation: Your flesh is heat resistant. (rF+)
                  | [potion of mutation]
  7822 | D:7      | Gained mutation: Your flesh is very heat resistant. (rF++)
                  | [potion of mutation]
  7829 | D:7      | Identified the +0 chain mail of the Jackalope {Harm rPois
                  | rF+ Will-}
  7838 | D:7      | Reached skill level 12 in Axes
  8210 | D:7      | Killed a cyclops
  8210 | D:7      | Reached ***** piety under Okawaru
  8759 | D:8      | Noticed Maurice
  8763 | D:8      | Noticed a two-headed ogre
  9078 | D:8      | Killed a two-headed ogre
  9079 | D:8      | Reached skill level 13 in Axes
  9084 | D:8      | Reached skill level 10 in Fighting
  9120 | D:7      | Killed Maurice
  9121 | D:7      | Reached skill level 10 in Armour
  9121 | D:7      | Reached XP level 11. HP: 40/99 MP: 15/15
  9480 | D:8      | Found a staircase to the Lair.
  9493 | D:8      | Noticed Joseph
  9531 | D:8      | Killed Joseph
 10088 | D:9      | Found a shimmering blue altar of Sif Muna.
 10588 | D:9      | Found Rankinn's Assorted Antiques.
 10686 | D:9      | Found a hazy altar of Hepliaklqana.
 10799 | D:10     | Entered Level 10 of the Dungeon
 10814 | D:10     | Noticed Lodul
 10815 | D:10     | Noticed Amaemon
 10835 | D:10     | Killed Lodul
 10836 | D:10     | Reached skill level 14 in Axes
 10853 | D:10     | Killed Amaemon
 10859 | D:10     | Identified the +1 scale mail of Vuofan {rPois Str+7 Dex+6}
                  | (Okawaru gifted it to you on level 10 of the Dungeon)
 10859 | D:10     | Received a gift from Okawaru
 11063 | D:10     | You fall into a shaft and drop 2 floors!
 11155 | D:12     | Noticed a two-headed ogre
 11159 | D:12     | Killed a two-headed ogre
 11279 | D:11     | Noticed Psyche
 11287 | D:11     | Killed Psyche
 11419 | D:11     | Found a large runed translucent door.
 11419 | D:11     | Found a large runed translucent door.
 11422 | D:11     | Noticed diceflayer's ghost (journeyman DsFi)
 11431 | D:10     | Noticed Sonja
 11458 | D:10     | Killed Sonja
 11730 | D:10     | Noticed a deep elf pyromancer
 11734 | D:10     | Killed a deep elf pyromancer
 11845 | D:10     | Reached skill level 15 in Axes
 12169 | D:11     | Reached XP level 12. HP: 89/110 MP: 17/17
 12581 | D:11     | Found a runed translucent door.
 13069 | Lair:1   | Entered Level 1 of the Lair of Beasts
 13101 | Lair:1   | Received a gift from Okawaru
 13101 | Lair:1   | Found the +3 crown of Dyrovepreva {rElec Int+2 SInv}
 13301 | Lair:1   | Noticed a seven-headed hydra
 13320 | Lair:1   | Killed an 11-headed hydra
 13321 | Lair:1   | Reached skill level 16 in Axes
 14242 | Lair:2   | Reached skill level 1 in Throwing
 14534 | Lair:2   | Reached ****** piety under Okawaru
 14535 | Lair:2   | Reached XP level 13. HP: 103/119 MP: 19/19
 14575 | Lair:2   | Received a gift from Okawaru
 14687 | Lair:2   | Received a gift from Okawaru
 15080 | Lair:3   | Reached skill level 5 in Throwing
 15351 | Lair:3   | Found a runed translucent gate.
 15351 | Lair:3   | Found a runed translucent gate.
 15351 | Lair:3   | Found a runed translucent gate.
 15358 | Lair:3   | Noticed a minotaur
 15630 | Lair:3   | Found a staircase to the Swamp.
 15740 | Lair:3   | Found a staircase to the Snake Pit.
 15842 | Lair:3   | Noticed Xiemaice's ghost (journeyman DrFE)
 16140 | Lair:4   | Received a gift from Okawaru
 16215 | Lair:4   | Reached skill level 1 in Dodging
 16550 | Lair:4   | You fall into a shaft and drop 1 floor!
 16550 | Lair:5   | Entered Level 5 of the Lair of Beasts
 16591 | Lair:5   | Reached skill level 17 in Axes
 17227 | Lair:5   | Received a gift from Okawaru
 17233 | Lair:5   | Reached skill level 5 in Dodging
 17233 | Lair:5   | Reached XP level 14. HP: 64/129 MP: 20/20
 17378 | Lair:5   | Found a viscous altar of Jiyva.
 17378 | Lair:5   | Found a staircase to the Slime Pits.
 17509 | Lair:5   | Received a gift from Okawaru
 17960 | Lair:5   | Received a gift from Okawaru
 17965 | Lair:5   | Found a burning altar of Makhleb.
 18015 | Lair:5   | Found a gateway to Hell.
 18523 | D:12     | Noticed Kirke
 18532 | D:12     | Killed Kirke
 18561 | D:12     | Found a staircase to the Orcish Mines.
 18634 | D:12     | Identified the +10 morningstar of Dishonour {venom, Dex+2}
 19196 | D:12     | Noticed Nergalle
 19206 | D:12     | Killed Nergalle
 19399 | D:13     | Received a gift from Okawaru
 19404 | D:13     | Found a gate to the Vaults.
 19569 | D:13     | Received a gift from Okawaru
 20058 | D:14     | Identified the +1 pair of boots of Okawaru's Envy {Regen+
                  | rCorr} (Okawaru gifted it to you on level 14 of the
                  | Dungeon)
 20058 | D:14     | Received a gift from Okawaru
 20328 | D:14     | Reached skill level 10 in Throwing
 20380 | D:14     | Reached XP level 15. HP: 127/138 MP: 21/21
 20585 | D:14     | Reached skill level 18 in Axes
 20840 | D:15     | Entered Level 15 of the Dungeon
 21009 | D:15     | Reached skill level 10 in Dodging
 21075 | D:15     | Identified the +3 pair of gloves of the Dull God {-Tele
                  | Dex+4} (Okawaru gifted it to you on level 15 of the
                  | Dungeon)
 21075 | D:15     | Received a gift from Okawaru
 21138 | D:15     | Identified the +0 rapier of the Conjuring Gnat {elec,
                  | *Corrode rF+ rN+ Dex+2}
 21196 | D:15     | Identified a scroll of acquirement
 21210 | D:15     | Noticed a fire giant
 21219 | D:15     | Killed a fire giant
 21220 | D:15     | Found a staircase to the Depths.
 21223 | D:15     | Acquired 973 gold pieces
 21291 | D:15     | Found a stormy altar of Qazlal.
 21532 | Orc:1    | Entered Level 1 of the Orcish Mines
 21845 | Orc:2    | Entered Level 2 of the Orcish Mines
 21891 | Orc:2    | Noticed Azrael
 21909 | Orc:2    | Killed Azrael
 22103 | Orc:2    | Found Uwkofuq's Magic Scroll Shoppe.
 22104 | Orc:2    | Found Hoorgh's General Store.
 22194 | Orc:2    | Bought a scroll of magic mapping for 120 gold pieces
 22194 | Orc:2    | Bought a scroll of magic mapping for 120 gold pieces
 22194 | Orc:2    | Bought a scroll of fear for 64 gold pieces
 22238 | Orc:2    | Reached skill level 15 in Fighting
 22325 | Orc:2    | Reached skill level 15 in Armour
 22325 | Orc:2    | Slain by an orc knight

Illustrated notes

Levels and vault maps discovered:
D:1:      minmay_arrival_hallway, layout_loops_corners,
          chequers_ecumenical_altar_simple
D:2:      layout_basic
D:3:      layout_loops_cross, nicolae_dithmenos_shadow_blocks,
          due_unseen_surprise
D:4:      layout_cave_pools, mainiacjoe_overflow_cross_hatched,
          minmay_temple_entry_statues, kennysheep_flooded_box, hex_medium,
          kennysheep_donut
D:5:      layout_loops_ring, portal_sewer_entry_d, item_on_display_b
D:6:      minmay_bubble_buster, layout_cave_pools, minmay_overflow_temple_hex,
          nemelex_dance_club_becter, uniq_maggie
D:7:      gammafunk_beogh_shrine, layout_basic, nicolae_ru_awakened_eye,
          serial_shops, kennysheep_mini_moat, serial_park_tiny_pond
D:8:      layout_rooms, erik_lair_island, uniq_maurice, uniq_joseph
D:9:      layout_cave_pools, mainiacjoe_overflow_boulevard,
          mainiacjoe_overflow_alcove_4, nicolae_stop_n_shop_1
D:10:     layout_rooms, uniq_amaemon, uniq_sonja, uniq_lodul
D:11:     dreamdust_labyrinth, layout_gridville, ebering_ghost_disaster_area,
          minmay_beelzebubs_servants, uniq_psyche
D:12:     layout_gridville, zombieorc2_lemuel, uniq_kirke, uniq_nergalle
D:13:     layout_irregular_city, david_vaults_5
D:14:     layout_loops_cross, minivault_26
D:15:     grunt_enter_depths_giant_problem, layout_cave_pools,
          nicolae_qazlal_style_of_elements, lemuel_flame_loot_1
Temple:   hellmonk_temple_micro_hex
Lair:1:   layout_loops_ring, lemuel_fruit_tree, grunt_megastairs_1
Lair:2:   layout_cellular_growth
Lair:3:   layout_regular_city, nicolae_swamp_entry_splash_gauntlet,
          dummy_snake_entry, maelrawn_ghost_gauntlet_escape
Lair:4:   layout_small_grid, cheibrodos_lair_lostbears
Lair:5:   evil_forest, layout_loops_ring, dpeg_slime_entry_enclosed,
          infiniplex_staircase_pool
Orc:1:    layout_diamond_mine
Orc:2:    pf_orc_diabolical, layout_diamond_mine, uniq_azrael

Skill      XL: |  1  2  3  4  5  6  7  8  9 10 11 12 13 14 15 |
---------------+----------------------------------------------+-----
Axes           | 3 4 5 6 8 9 11 13 15 16 17 18 | 18.6
Fighting       | 4 5 6 7 8 10 11 12 13 14 15 | 15.0
Armour         | 4 5 6 7 8 10 11 12 13 14 15 | 15.0
Invocations    | 2 4 5 6 8 9 |  9.4
Throwing       | 2 8 10 | 10.0
Dodging        | 5 9 11 | 11.0
Shields        | |  3.6

Action                   |  1- 3 |  4- 6 |  7- 9 | 10-12 | 13-15 || total
-------------------------+-------+-------+-------+-------+-------++-------
Melee: War axe           |    79 |   108 |   294 |       |       ||   481
       Headbutt          |    15 |    15 |    59 |   144 |   193 ||   426
       Broad axe         |       |       |    63 |   707 |   174 ||   944
       Unarmed           |       |       |       |    10 |       ||    10
       Executioner's axe |       |       |       |       |   628 ||   628
Throw: Boomerang         |       |       |       |       |     9 ||     9
Invok: Heroism           |       |       |     1 |    10 |    20 ||    31
       Finesse           |       |       |       |     3 |     2 ||     5
  Use: Scroll            |       |     4 |     7 |     8 |     9 ||    28
       Potion            |       |       |       |    12 |       ||    12
 Stab: Invisible         |       |       |       |     4 |       ||     4
Armor: Scale mail        |    12 |       |       |       |       ||    12
       Plate armour      |    30 |    76 |   220 |   469 |   715 ||  1510
       Skin              |       |       |       |     1 |       ||     1
Dodge: Dodged            |    39 |    42 |   123 |   263 |   398 ||   865
Block: Buckler           |    21 |    24 |    77 |   193 |    43 ||   358
